Map: NeoHumanity LE

Players

winzboy

  • Race: Protoss Protoss
  • League: Gold
  • Spawn Location: 5:00

东海澡盆 - Winner!

  • Race: Terran Terran
  • League: Silver
  • Spawn Location: 11:00

VOD

Have the link to the VOD?

Description

Time

  • Played on: May 29, 2023, 4:30 a.m.
  • Length: 8:32
Show
View Real Time Build Order
Export as new Build Order

winzboy Protoss 

Build Orders: Oracle Opening 

Get SALT Encoding   

  12  0:02  Probe  
  13  0:14  Pylon  
  13  0:20  Probe  
  14  0:34  Gateway  
  14  0:37  Assimilator  
  14  0:51  Probe  
  15  1:03  Probe (Chrono Boost)  
  16  1:13  Probe (Chrono Boost)  
  16  1:18  Probe (Chrono Boost)  
  17  1:23  Cybernetics Core  
  18  1:29  Probe  
  19  1:48  Nexus  
  19  1:57  Pylon  
  19  2:01  Probe  
  20  2:02  Warp Gate (Chrono Boost)  
  20  2:05  Assimilator  
  20  2:12  Adept  
  22  2:19  Probe (Chrono Boost)  
  23  2:31  Probe (Chrono Boost)  
  24  2:39  Probe (Chrono Boost)  
  24  2:41  Stargate  
  25  2:45  Probe  
  26  2:58  Probe  
  27  3:03  Probe  
  28  3:10  Probe  
  29  3:12  Adept  
  31  3:23  Probe  
  31  3:24  Probe  
  33  3:28  Oracle  
  36  3:35  Probe  
  36  3:39  Pylon  
  37  3:42  Gateway  
  37  3:47  Probe  
  39  3:48  Probe  
  39  3:50  Gateway  
  39  3:54  Stalker  
  39  3:55  Assimilator  
  40  4:01  Shield Battery  
  33  4:35  Stalker  
  26  4:45  Stalker  
  25  5:00  Stalker  
  27  5:18  Stalker  
  23  5:25  Stalker  
  22  5:43  Pylon  
  22  5:46  Pylon  
  22  5:57  Shield Battery  
  22  6:03  Probe  
  23  6:07  Gateway  
  23  6:09  Gateway  
  23  6:10  Gateway  
  23  6:11  Stalker x2  
  27  6:15  Probe  
  28  6:27  Probe  
  29  6:37  Nexus  
  29  6:38  Nexus  
  29  6:43  Pylon  
  29  6:54  Stalker  
  31  6:56  Adept  
  33  7:18  Stalker  
  33  7:19  Stalker  
  33  7:21  Probe  
  42  7:33  Probe  
  43  7:38  Adept x2  
  23  8:07  Stalker x3  
  23  8:08  Stalker x2  
Show
View Real Time Build Order
Export as new Build Order

东海澡盆 Terran - Winner!

Build Orders:  

Get SALT Encoding   

  12  0:00  SCV  
  13  0:12  SCV  
  14  0:18  Supply Depot  
  14  0:24  SCV  
  15  0:40  SCV  
  15  0:42  Barracks  
  16  0:45  Refinery  
  16  0:52  SCV  
  16  0:55  Refinery  
  17  1:04  SCV  
  18  1:12  Barracks  
  18  1:18  SCV  
  19  1:31  Barracks Reactor  
  19  1:32  Orbital Command  
  19  1:42  Supply Depot  
  19  2:01  Barracks Tech Lab  
  19  2:04  Barracks  
  19  2:05  SCV  
  20  2:11  Marine x2  
  22  2:19  Stimpack  
  22  2:21  Marauder  
  24  2:29  Marine x2  
  26  2:35  Supply Depot  
  26  2:43  Marauder  
  28  2:46  Marine  
  28  2:47  Marine  
  30  2:51  Barracks Tech Lab  
  30  3:03  Supply Depot  
  30  3:04  Marauder, Marine x2  
  34  3:10  Marauder  
  36  3:16  Combat Shield  
  36  3:22  Marine x2  
  36  3:26  Marauder  
  40  3:47  SCV  
  41  3:51  Factory  
  41  3:52  Marine x2  
  43  4:12  Command Center  
  41  4:44  Marine x2  
  47  4:45  Marauder x2  
  47  4:47  Factory Reactor  
  46  5:00  Starport  
  46  5:05  Marine  
  47  5:11  Marine  
  41  5:32  Marine x2  
  41  5:33  Marauder x2  
  46  5:42  Orbital Command  
  46  5:45  Factory Tech Lab  
  46  5:48  Supply Depot  
  46  5:49  Medivac  
  48  5:53  Medivac  
  48  5:55  Supply Depot  
  50  6:03  Engineering Bay  
  50  6:05  SCV  
  51  6:15  Orbital Command  
  51  6:21  Marauder, Marine x2  
  55  6:51  Missile Turret  
  55  6:54  SCV  
  55  6:55  SCV  
  55  6:58  Siege Tank  
  55  6:59  Missile Turret, Refinery  
  60  7:03  Marine x2  
  60  7:04  Marine  
  60  7:06  SCV  
  64  7:18  Concussive Shells  
  61  8:05  Marine x3  
  61  8:06  Marauder  
Tags
 
Add a new tag
Caveats
  • Supply blocks, unpowered buildings, or Contaminate may cause inaccurate times.
  • Supply counts are checked every 10 seconds.